 Dungeon Crawl Stone Soup version 0.23.1 (webtiles) character file.

Game seed: 9813566415980494343

298 Borgoz the Skirmisher (level 6, -6/52 HPs)
             Began as a Ghoul Monk on Mar 16, 2019.
             Mangled by a phantom (7 damage)
             ... on level 4 of the Dungeon.
             The game lasted 00:07:18 (3637 turns).

Borgoz the Skirmisher (Ghoul Monk)                  Turns: 3637, Time: 00:07:19

Health: -6/52      AC:  7    Str: 15      XL:     6   Next: 35%
Magic:  5/5        EV: 11    Int:  4 (5)  God:
Gold:   244        SH:  0    Dex: 13      Spells: 5/5 levels left

rFire    . . .     SeeInvis .   e - +1 dagger (drain)
rCold    + . .     Gourm    .   (no shield)
rNeg     + + +     Faith    .   d - +0 scale mail
rPois    ∞         Spirit   .   h - +0 helmet
rElec    .         Reflect  .   (no cloak)
rCorr    .         Harm     .   (no gloves)
MR       .....                  (no boots)
Stlth    +.........             (no amulet)
HPRegen  0.00/turn              (no ring)
MPRegen  0.09/turn              (no ring)

@: rotting
A: rotting body, claws 1, carnivore, cold resistance 1, negative energy
resistance 3, inhibited regeneration, torment resistance, unbreathing
a: no special abilities


You were on level 4 of the Dungeon.
You were not hungry.

You visited 1 branch of the dungeon, and saw 4 of its levels.

You collected 244 gold pieces.

Inventory:

Hand Weapons
 e - a +1 dagger of draining (weapon)
Missiles
 a - 5 tomahawks (quivered)
 q - 7 curare-tipped needles
Armour
 d - a +0 scale mail (worn)
 h - a +0 helmet (worn)
Jewellery
 g - an uncursed ring of flight {unknown}
Scrolls
 b - a scroll of amnesia {unknown}
 f - a scroll of identify
 i - a scroll of magic mapping {unknown}
 j - 2 scrolls of remove curse
 l - 3 scrolls of immolation {unknown}
 m - a scroll of noise {unknown}
 n - 2 scrolls of teleportation {unknown}
 o - 2 scrolls of fear {unknown}
 u - 2 scrolls of fog {unknown}
Potions
 k - a potion of cancellation {unknown}
 r - a potion of lignification {unknown}
 s - a potion of haste {unknown}
 t - a potion of agility
Comestibles
 c - 5 rations
 p - a chunk of flesh


   Skills:
 + Level 3.9 Fighting
 * Level 3.9 Short Blades
 * Level 2.5 Armour
 * Level 3.9 Dodging
 + Level 3.3 Stealth


You had 5 spell levels left.
You didn't know any spells.
Your spell library was empty.

Dungeon Overview and Level Annotations

Branches:
Dungeon (4/15)
 Temple: D:4-7

Altars:
Gozag
Kikubaaqudgha
Xom
Zin
The Shining One
Beogh


Innate Abilities, Weirdness & Mutations

Your body is rotting away.
You thrive on raw meat.
You are immune to poison.
You have sharp fingernails.
You are carnivorous and can eat meat at any time.
Your flesh is cold resistant. (rC+)
You are immune to negative energy. (rN+++)
You do not regenerate when monsters are visible.
You are immune to unholy pain and torment.
You can survive without breathing.


Message History

The phantom barely misses you.
You hit the phantom.
The phantom is moderately damaged.
The phantom hits you but does no damage.
You hit the phantom.
The phantom is moderately damaged.
You barely miss the phantom.
The phantom is moderately damaged.
The phantom barely misses you.
You barely miss the phantom.
The phantom is moderately damaged.
The phantom hits you.
* * * LOW HITPOINT WARNING * * *
You closely miss the phantom.
The phantom is moderately damaged.
The phantom closely misses you.
You barely miss the phantom.
The phantom is moderately damaged.
The phantom hits you!
You die...

#.#. ... ######### #..
#.......# ..#..
#######.#####.# ..
#.###+#######.....(.# #.#
..##...................# #.#
..............÷........# #.#
.......................#####.#
................@.........##.#
...............W......###.##.#
......................###.##.#
......#..##'#####.........##.#
..#####.>...# #.####.#####.#
.. ####### #.####.#.....# ## .
#......#.##### #. ########.#
#####. #.# #<....


You could see a phantom.

Vanquished Creatures
  A hound (D:4)
  An orc priest (D:3)
  An orc wizard (D:3)
  Natasha (thrice) (D:3)
  Robin (D:3)
  2 adders (D:2)
  An adder skeleton (D:4)
  5 worms
  2 dart slugs
  2 leopard geckos (D:2)
  3 orcs (D:3)
  12 bats
  4 giant cockroaches
  9 hobgoblins
  9 jackals
  6 kobolds
  2 quokkas
  2 frilled lizards (D:1)
  15 goblins
  A leopard gecko skeleton (D:4)
  6 rats
88 creatures vanquished.

Notes
Turn   | Place    | Note
-------+----------+-------------------------------------------
     0 | D:1      | Borgoz the Ghoul Monk began the quest for the Orb.
     0 | D:1      | Reached XP level 1. HP: 19/19 MP: 0/0
    69 | D:1      | Reached XP level 2. HP: 13/25 MP: 1/1
   522 | D:1      | Reached skill level 1 in Armour
   607 | D:1      | Reached XP level 3. HP: 29/31 MP: 2/2
   753 | D:1      | Found a shimmering altar of Xom.
   755 | D:1      | Found an ancient bone altar of Kikubaaqudgha.
   755 | D:1      | Found a sparkling altar of Nemelex Xobeh.
   758 | D:1      | Found a glowing silver altar of Zin.
   758 | D:1      | Found a glowing golden altar of the Shining One.
   758 | D:1      | Found an opulent altar of Gozag.
  1188 | D:2      | Reached XP level 4. HP: 36/38 MP: 3/3
  2060 | D:3      | Noticed Robin
  2069 | D:4      | Noticed a phantom
  2342 | D:3      | Killed Robin
  2350 | D:3      | Reached XP level 5. HP: 10/45 MP: 4/4
  2543 | D:3      | Found a roughly hewn altar of Beogh.
  2573 | D:3      | HP: 1/46 [orc/+0 flail (4)]
  2936 | D:3      | Noticed Natasha
  2948 | D:3      | Killed Natasha
  2998 | D:3      | Noticed Natasha
  3011 | D:3      | Killed Natasha
  3011 | D:3      | Reached XP level 6. HP: 27/52 MP: 5/5
  3025 | D:3      | Noticed Natasha
  3047 | D:3      | Killed Natasha
  3621 | D:4      | HP: 2/52 [phantom (5)]
  3635 | D:4      | HP: 1/52 [phantom (1)]
  3637 | D:4      | Mangled by a phantom

Skill      XL: |  1  2  3  4  5 |
---------------+----------------+-----
Dodging        | 3 |  3.9
Armour         | 1 2 |  2.5
Short Blades   | 3 |  3.9
Stealth        | 3 |  3.3
Fighting       | |  3.9

Action                   |  1- 3 |  4- 6 || total
-------------------------+-------+-------++-------
Melee: Short sword       |   156 |   162 ||   318
       Dagger            |       |   183 ||   183
  Use: Potion            |       |     5 ||     5
       Scroll            |       |     3 ||     3
 Stab: Sleeping          |     3 |       ||     3
  Eat: Chunk             |    10 |    22 ||    32
Armor: Robe              |    22 |       ||    22
       Scale mail        |    24 |   140 ||   164
Dodge: Dodged            |   116 |   193 ||   309
